← All builds
Suicide front / Armada / Factory first / OBSERVED BUILD

Standard suicide front

Armada Suicide front build order · Supreme Isthmus

The role's baseline: Bot Lab at 0:21 then straight into reclaim-fed T1 bot production to contest the middle and hold until T2 arrives, with an Advanced Metal Extractor around 9:45.

#rush · 2028 distinct matches · 233 players · 72% of Armada Suicide front games · team won 59% of 2406 · Recently observed

HOW TO PLAY IT

Key timing: Bot Lab by 0:20

  1. Open with mex and lab-first to get Bot Lab up by 0:20.
  2. Expand mex and wind while lab pumps units toward middle.
  3. Push Sentry and early Rocketeer, Centurion to contest middle.
  4. Get T2 constructor out once Pond's boost lets you spare metal.
  5. Upgrade mex to Advanced Metal Extractor as you transition off T1 spam.

Phase by phase

TYPICAL OF ITS 2028 GAMES
  1. 1
  2. 2
  3. 3
PLAY THE OPENING

Follow the example game's first 6:00 step by step: what to build now, what comes next, and where it goes. At 1× it keeps pace with your own game.

  1. 1

    Bot Lab first

    Order
    1. Bot LabBot Lab done ~0:24, middle half 0:20–0:33

    Some games also: mex (44%)

  2. 2

    Bot Lab to 5:00

    Economy
    • Metal Extractor5Mex
    • Wind Turbine4Wind
    Builders
    • Construction Bot3 Con bot
    • Lazarus2 Lazarus
    Army
    • Sentry4 Sentry
    • Rocketeer16 Rocketeer
    • Tick2 Tick
    • Centurion1 Centurion
    Other
    • Radar Tower1 Radar Tower

    Some games also: pawn (38%) · con turret (34%)

    By 5:00 in all: 5 mex · 4 wind

    The example game in this phase · 29 steps
    1. TickTick ×5
    2. LazarusLazarus
    3. Construction BotCon bot ×2
    4. Mex
    5. Construction BotCon bot
    6. CenturionCenturion
    7. SentrySentry
    8. Mex
    9. RocketeerRocketeer ×2
    10. Mex
    11. RocketeerRocketeer ×3
    12. Mex
    13. Con turret
    14. Radar TowerRadar Tower
    15. Wind
    16. Mex
    17. Wind
    18. SentrySentry
    19. BeamerBeamer
    20. Wind ×3
    21. Con turret
    22. Wind ×3
    23. CenturionCenturion
    24. Wind ×2
    25. BeamerBeamer
    26. CenturionCenturion
    27. Wind ×4
    28. MaceMace
    29. Wind
  3. 3

    5:00 to 10:00

    Economy
    • Metal Extractor1Mex
    • Wind Turbine15Wind
    Builders
    • Construction Turret2 Con turret
    • Lazarus2 Lazarus
    • Construction Bot1 Con bot
    Army
    • Sentry1 Sentry
    • Rocketeer8 Rocketeer

    Some games also: pawn (49%) · Radar Tower (46%) · tick (45%) · centurion (44%) · energy storage (42%) · eat Bot Lab (31%)

    By 10:00 in all: 6 mex · 21 wind · 1 energy storage · 2 con turret

    The example game in this phase · 131 steps
    1. OverwatchOverwatch
    2. Wind
    3. MaceMace
    4. Wind
    5. Mex
    6. Wind
    7. MaceMace
    8. Wind
    9. MaceMace
    10. Wind ×2
    11. MaceMace
    12. BeamerBeamer
    13. MaceMace
    14. Wind
    15. MaceMace
    16. BeamerBeamer
    17. Wind
    18. MaceMace
    19. Wind
    20. MaceMace
    21. OverwatchOverwatch
    22. Wind
    23. MaceMace
    24. Wind
    25. Construction BotCon bot
    26. Wind
    27. LazarusLazarus
    28. MaceMace
    29. BeamerBeamer
    30. Mex
    31. Con turret
    32. Twilight
    33. Dragon's TeethDragon's Teeth ×7
    34. Twilight
    35. Con turret
    36. Twilight
    37. Wind ×5
    38. Advanced Metal ExtractorT2 mexdone 9:35 · typical 9:46
    39. Wind
    40. Con turret
    41. Energy storage
    42. Wind
    43. Advanced Metal ExtractorT2 mex
    44. Wind ×3
    45. Con turret
    46. Wind ×2
    47. BeamerBeamer
    48. Advanced Metal ExtractorT2 mex
    49. Wind ×3
    50. Con turret
    51. Wind ×3
    52. LazarusLazarus
    53. Wind
    54. LazarusLazarus ×2
    55. Wind
    56. LazarusLazarus
    57. Con turret
    58. Wind ×2
    59. LazarusLazarus
    60. Wind ×2
    61. Con turret
    62. ThugThug
    63. RocketeerRocketeer
    64. ThugThug ×2
    65. TickTick ×2
    66. AggravatorAggravator
    67. TickTick ×7
    68. RattlesnakeRattlesnakedone 12:40
    69. ThugThug
    70. TickTick ×2
    71. ThugThug
    72. TickTick ×3
    73. RocketeerRocketeer
    74. ThugThug
    75. TickTick ×4
    76. AggravatorAggravator
    77. TickTick ×9
    78. BlitzBlitz
    79. TickTick ×2
    80. BlitzBlitz
    81. TickTick
    82. BlitzBlitz ×2
    83. TickTick
    84. Wind
    85. Con turret
    86. TickTick
    87. BlitzBlitz
    88. TickTick
    89. SheldonSheldondone 12:46
    90. Wind
    91. TickTick ×2
    92. Con turret
    93. TickTick
    94. Wind
    95. TickTick
    96. AugurRadar bot
    97. TickTick ×2
    98. Wind
    99. TickTick ×4
    100. Wind
    101. TickTick ×3
    102. ShipyardShipyarddone 13:19
    103. TickTick
    104. Wind
    105. SheldonSheldon
    106. Advanced Metal ExtractorT2 mex
    107. TickTick ×3
    108. Wind
    109. Con turret
    110. TickTick ×2
    111. Con turret
    112. TickTick
    113. Wind
    114. TickTick
    115. CatalystCatalystnot finished by 15:00
    116. TickTick
    117. Wind
    118. TickTick
    119. Con turret
    120. BlitzBlitz ×3
    121. Wind
    122. TickTick ×5
    123. Wind
    124. TickTick
    125. DolphinDolphin
    126. TickTick
    127. DolphinDolphin
    128. Wind
    129. DolphinDolphin
    130. Mex
    131. DolphinDolphin ×9

Counts are medians over the build's games: half of them build more, half fewer. The example game is Skorowid's (30 OS, 11/09/2026); pick another.

Team trades

IN AT LEAST 30% OF ITS GAMES

You hand over

Nothing regular.

You get

  • Tidal Generator4 Tidal from Pondfirst at 0:10 · in 68% of games
  • Advanced Construction Bot1 T2 con bot from Geo or Techfirst at 7:41 · in 57% of games

How it plays out

Typical game of this build, running totals by minute

Metal produced

010k20k
0:005:0010:0015:00

metal

Enemy metal destroyed

05k10k
0:005:0010:0015:00

metal

Own metal lost

05k10k
0:005:0010:0015:00

metal

2406 games.

Show as table
ByMetal produced: This buildEnemy metal destroyed: This buildOwn metal lost: This build
1:0023000
2:0088700
3:002008184130
4:003109645501
5:00418413531000
6:00534721831707
7:00654330512589
8:00776039363499
9:00904646894375
10:001041253125161
11:001188958585966
12:001357864076686
13:001539668767455
14:001729675048213
15:001925281069007
WHAT THE NUMBERS SAY

Standard Suicide front play wins a bit over half its games while taking the heaviest own losses of any role by 15:00.

  • + Produces 20142 metal by 15:00, highest of the front roles.
  • + First kill by 2:01 in all games, fastest contest of middle.
  • − Own metal lost hits 9178 by 15:00, more than enemy metal destroyed.
  • − Only 34% Rocketeer share shows army spread thin across many bot types.
THE EXAMPLE YOU ARE READING

Skorowid

30.0 OS · 11/09/2026

Open source match ↗

11 received units · includes a constructor
379 metal received · 16786 energy received

Allied construction assistance is unknown. Timings are observations, not a promise of solo reproducibility.

Typical milestones

Bot Lab0:24Middle 50%: 0:20–0:33 · n=2398
Advanced Metal Extractor9:46Middle 50%: 8:50–10:58 · n=1738

Played most by

_X_262games of this buildPlatinumBlonde188games of this buildXad166games of this buildTrapCaT109games of this buildSoliloqueur81games of this build
Standard suicide front · Armada Suicide front build order · BAR Build Atlas